[Event "ICC tourney 3006 (40 10)"]
[Site "Internet Chess Club"]
[Date "2022.09.10"]
[Round "1"]
[White "HEBDEN, MARK L:mhebden"]
[Black "SRIPADA, Havish:brilliantnessme"]
[Result "1-0"]
[ICCResult "Black checkmated"]
[WhiteElo "2526"]
[BlackElo "1951"]
[Opening "QGD: Tartakower (Makagonov-Bondarevsky) system"]
[ECO "D58"]
[NIC "QO.10"]
[Time "11:00:36"]
[PlyCount "61"]
[TimeControl "2400+10"]

1. d4 d5 2. Nf3 Nf6 3. c4 e6 4. Nc3 Be7 5. Bg5 h6 6. Bh4 O-O 7. e3 b6 8. Bd3
Bb7 9. O-O Nbd7 10. Bg3 c5 11. Qe2 Ne4 12. cxd5 exd5 13. Rac1 Nxg3 14. hxg3
Nf6 15. Rfd1 c4 16. Bb1 a6 17. Ne5 b5 18. Qc2 b4 19. Ne2 Bc8 20. Nf4 Qe8 21.
Nxd5 g6 22. Nc7 Qd8 23. Nxa8 Bb7 24. Qxc4 Qxa8 25. Nxg6 Bd6 26. Nxf8 Bxg2
27. Qc8 Qxc8 28. Rxc8 Bf3 29. Ne6+ Ne8 30. Rxe8+ Bf8 31. Rxf8#
{Black checkmated}
1-0

[Event "ICC tourney 3006 (40 10)"]
[Site "Internet Chess Club"]
[Date "2022.09.10"]
[Round "1"]
[White "LIANG, YU-CHENG:Yucheng"]
[Black "MAMMADOV, ZAUR:zaur94"]
[Result "0-1"]
[ICCResult "White resigns"]
[WhiteElo "2043"]
[BlackElo "2531"]
[Opening "QGD Slav: 3.Nf3"]
[ECO "D11"]
[NIC "SL.01"]
[Time "11:00:36"]
[PlyCount "62"]
[TimeControl "2400+10"]

1. d4 d5 2. c4 c6 3. Nf3 Nf6 4. Qb3 dxc4 5. Qxc4 Bf5 6. g3 e6 7. Bg2 Nbd7 8.
O-O Be7 9. e3 O-O 10. Nc3 b5 11. Qe2 b4 12. Na4 Qa5 13. b3 Qb5 14. Re1 Rac8
15. Bb2 Bd3 16. Qd1 Rfd8 17. Rc1 h6 18. Bf1 Bxf1 19. Rxf1 Qf5 20. Qe2 Ne4
21. Rc2 g5 22. Rfc1 g4 23. Ne1 Ng5 24. Qf1 Nf6 25. Nc5 Rd5 26. Ncd3 Bd6 27.
Rxc6 Rxc6 28. Rxc6 Nfe4 29. Rc2 h5 30. Ng2 Nh3+ 31. Kh1 Bxg3 {White resigns}
0-1

[Event "ICC tourney 3006 (40 10)"]
[Site "Internet Chess Club"]
[Date "2022.09.10"]
[Round "1"]
[White "Belous, Vladimir:Openyagami"]
[Black "FILIPOVICH, DAVID MICHAEL:dmfcan"]
[Result "1-0"]
[ICCResult "Black resigns"]
[WhiteElo "2569"]
[BlackElo "2050"]
[Opening "English: symmetrical, Botvinnik system reversed"]
[ECO "A37"]
[NIC "EO.28"]
[Time "11:00:38"]
[PlyCount "65"]
[TimeControl "2400+10"]

1. c4 g6 2. Nc3 Bg7 3. Nf3 c5 4. g3 Nc6 5. Bg2 e5 6. a3 Nge7 7. b4 cxb4 8.
axb4 Nxb4 9. Ba3 Nbc6 10. Nb5 O-O 11. Bd6 Nf5 12. Bxf8 Bxf8 13. O-O d6 14.
e4 Nfd4 15. Nbxd4 exd4 16. d3 Be6 17. Qa4 Qd7 18. Rfb1 Rc8 19. Ng5 Bh6 20.
Nxe6 fxe6 21. e5 dxe5 22. Bxc6 Rxc6 23. Qxa7 Rc7 24. Qb8+ Bf8 25. Ra8 Qf7
26. Rb6 e4 27. Rxe6 e3 28. fxe3 Qf3 29. Qxf8+ Qxf8 30. Rxf8+ Kxf8 31. exd4
Rd7 32. d5 b5 33. Kf2 {Black resigns} 1-0

[Event "ICC tourney 3006 (40 10)"]
[Site "Internet Chess Club"]
[Date "2022.09.10"]
[Round "1"]
[White "SHEEHAN, ETHAN THOMAS:Chessking2008"]
[Black "BERKLEY, DARRIN K:drberkley"]
[Result "1-0"]
[ICCResult "Black resigns"]
[WhiteElo "2231"]
[BlackElo "1738"]
[Opening "King's Indian: orthodox variation"]
[ECO "E94"]
[NIC "KI.15"]
[Time "11:05:04"]
[PlyCount "77"]
[TimeControl "2400+10"]

1. d4 Nf6 2. c4 g6 3. Nc3 Bg7 4. e4 d6 5. Nf3 O-O 6. Be2 e5 7. O-O Bg4 8. d5
a5 9. Be3 Na6 10. Nd2 Bxe2 11. Qxe2 Nd7 12. a3 f5 13. f3 Ndc5 14. b3 b6 15.
Rab1 Nd7 16. b4 axb4 17. axb4 Qe7 18. Rb2 Nab8 19. Nb5 Nf6 20. Rc1 Rc8 21.
c5 dxc5 22. bxc5 Nbd7 23. Nxc7 bxc5 24. Nxa8 Rxa8 25. Qd3 Qd6 26. Nc4 fxe4
27. fxe4 Qa6 28. d6 Qc6 29. Nd2 Bf8 30. Qb3+ Kg7 31. Qb7 Rc8 32. Nc4 Kg8 33.
Qxc6 Rxc6 34. Rd1 Nxe4 35. Rb7 Nef6 36. Bg5 Rc8 37. Bxf6 Nxf6 38. d7 Rd8 39.
Nxe5 {Black resigns} 1-0

[Event "ICC tourney 3006 (40 10)"]
[Site "Internet Chess Club"]
[Date "2022.09.10"]
[Round "1"]
[White "Li, Alex:AlexLi31415"]
[Black "REDDY, SATVIK:chesslead"]
[Result "0-1"]
[ICCResult "White resigns"]
[WhiteElo "1751"]
[BlackElo "2264"]
[Opening "Philidor: Improved Hanham variation"]
[ECO "B07"]
[NIC "PU.08"]
[Time "11:00:36"]
[PlyCount "88"]
[TimeControl "2400+10"]

1. e4 d6 2. d4 Nf6 3. Nc3 Nbd7 4. Nf3 e5 5. dxe5 dxe5 6. a3 Be7 7. Bc4 c6 8.
O-O O-O 9. Qe2 b5 10. Bb3 a5 11. Rd1 Qc7 12. Bg5 Ba6 13. Qe1 Nc5 14. Bxf6
Bxf6 15. Qe3 Be7 16. Ne2 Rad8 17. Ng3 Nxb3 18. cxb3 g6 19. h4 Kg7 20. Rac1
Rxd1+ 21. Rxd1 Rd8 22. Rxd8 Bxd8 23. Qc5 f6 24. h5 Be7 25. Qe3 Bc8 26. hxg6
hxg6 27. Ne2 Be6 28. Nh4 Qd7 29. Kh2 Qd1 30. f4 Bf7 31. fxe5 fxe5 32. Nf3
Qxb3 33. Qd2 b4 34. Nxe5 Qe6 35. Nxf7 Kxf7 36. axb4 Qxe4 37. bxa5 Qh4+ 38.
Kg1 Bc5+ 39. Nd4 Bxd4+ 40. Kf1 Qh1+ 41. Ke2 Qxg2+ 42. Kd3 Qxd2+ 43. Kxd2
Bxb2 44. Kd3 Be5 {White resigns} 0-1

[Event "ICC tourney 3006 (40 10)"]
[Site "Internet Chess Club"]
[Date "2022.09.10"]
[Round "1"]
[White "Feng, Jay:TheDeadlyPawn"]
[Black "SINGH, HERSH:pyaru536"]
[Result "1-0"]
[ICCResult "Black resigns"]
[WhiteElo "1612"]
[BlackElo "2113"]
[Opening "Two knights defense (Modern bishop's opening)"]
[ECO "C55"]
[NIC "IG.01"]
[Time "11:00:34"]
[PlyCount "56"]
[TimeControl "2400+10"]

1. e4 e5 2. Nf3 Nc6 3. Bc4 Nf6 4. d3 h6 5. O-O d6 6. a4 g6 7. Nc3 Bg7 8. Be3
O-O 9. Qd2 Ng4 10. h3 Nxe3 11. fxe3 Ne7 12. b4 a5 13. b5 c6 14. Rad1 Kh7 15.
d4 Qb6 16. Kh1 f5 17. exf5 Nxf5 18. Kh2 d5 19. e4 exd4 20. exf5 dxc3 21.
fxg6+ Kh8 22. Qc1 dxc4 23. Ng5 Kg8 24. Rxf8+ Bxf8 25. Qf4 Bd6 26. Rxd6 Qc7
27. Rd8+ Qxd8 28. Qf7+ Kh8 {Black resigns} 1-0

[Event "ICC tourney 3006 (40 10)"]
[Site "Internet Chess Club"]
[Date "2022.09.10"]
[Round "2"]
[White "SINGH, HERSH:pyaru536"]
[Black "SRIPADA, Havish:brilliantnessme"]
[Result "0-1"]
[ICCResult "White resigns"]
[WhiteElo "2113"]
[BlackElo "1951"]
[Opening "Queen's gambit declined"]
[ECO "D30"]
[NIC "QP.08"]
[Time "13:15:14"]
[PlyCount "42"]
[TimeControl "2400+10"]

1. d4 d5 2. c4 e6 3. Nf3 Nf6 4. g3 Bb4+ 5. Bd2 Be7 6. Bg2 O-O 7. O-O Nbd7 8.
Qc2 c6 9. Bf4 b6 10. Nbd2 Bb7 11. e4 dxe4 12. Nxe4 c5 13. Nfg5 Qc8 14. dxc5
bxc5 15. Rad1 h6 16. Nxf6+ Nxf6 17. Ne4 Rd8 18. Nd6 Bxd6 19. Bxb7 Qxb7 20.
Bxd6 Ne4 21. Be5 Ng5 {White resigns} 0-1

[Event "ICC tourney 3006 (40 10)"]
[Site "Internet Chess Club"]
[Date "2022.09.10"]
[Round "2"]
[White "MARKOVIC, GORAN:Goran21"]
[Black "HEBDEN, MARK L:mhebden"]
[Result "1/2-1/2"]
[ICCResult "Game drawn by repetition"]
[WhiteElo "1934"]
[BlackElo "2526"]
[Opening "English opening"]
[ECO "A10"]
[NIC "EO.64"]
[Time "13:15:13"]
[PlyCount "135"]
[TimeControl "2400+10"]

1. c4 g6 2. Nc3 Bg7 3. Nf3 Nf6 4. g3 O-O 5. Bg2 d6 6. O-O Nc6 7. Rb1 Bf5 8.
d3 Qd7 9. e4 Bh3 10. Be3 Bxg2 11. Kxg2 Ng4 12. Bd2 f5 13. h3 Nge5 14. Nxe5
dxe5 15. exf5 gxf5 16. Bg5 Nd4 17. Nd5 e6 18. Nc3 h6 19. Bh4 Bf6 20. Bxf6
Rxf6 21. f4 Nc6 22. Qe2 Rg6 23. fxe5 Kh7 24. Kh2 Rag8 25. Rg1 a6 26. Rbe1
Qd4 27. Nd1 Nb4 28. Nf2 Nxa2 29. Qd2 c5 30. Re2 Nb4 31. h4 Rd8 32. Rd1 Rg7
33. b3 Nc6 34. Rde1 Rdg8 35. g4 Rxg4 36. Nxg4 Qxg4 37. Kh1 Nd4 38. Rg2 Qh3+
39. Rh2 Qf3+ 40. Rg2 Qc6 41. Qf2 Nf3 42. Re2 Nd4 43. Rb2 Rg4 44. Kg1 Nf3+
45. Kf1 Nxe5 46. Qe3 Qd6 47. Rbe2 Rxg2 48. Kxg2 Ng6 49. Kg1 Nf4 50. Rf2 e5
51. Rf3 Qg6+ 52. Kf1 Qg2+ 53. Ke1 Qg4 54. Kd2 Ng2 55. Qxc5 Qxf3 56. Qe7+ Kg6
57. Qe8+ Kf6 58. Qd8+ Ke6 59. Qc8+ Kd6 60. c5+ Ke7 61. Qc7+ Kf6 62. Qd8+ Kf7
63. Qd7+ Kf6 64. Qd8+ Kg6 65. Qe8+ Kf6 66. Qd8+ Kg6 67. Qe8+ Kf6 68. Qd8+
{Game drawn by repetition}
1/2-1/2

[Event "ICC tourney 3006 (40 10)"]
[Site "Internet Chess Club"]
[Date "2022.09.10"]
[Round "2"]
[White "REDDY, SATVIK:chesslead"]
[Black "Belous, Vladimir:Openyagami"]
[Result "1/2-1/2"]
[ICCResult "Game drawn by mutual agreement"]
[WhiteElo "2264"]
[BlackElo "2569"]
[Opening "Sicilian: accelerated fianchetto, modern variation with Bc4"]
[ECO "B35"]
[NIC "SI.33"]
[Time "13:15:28"]
[PlyCount "45"]
[TimeControl "2400+10"]

1. e4 c5 2. Nf3 g6 3. d4 cxd4 4. Nxd4 Nc6 5. Be3 Nf6 6. Nc3 Bg7 7. Bc4 O-O
8. O-O Nxe4 9. Nxe4 d5 10. Nxc6 bxc6 11. Bd3 dxe4 12. Bxe4 Qc7 13. c3 Rb8
14. Qc2 c5 15. Rad1 e6 16. g3 Bb7 17. Bxb7 Rxb7 18. Bf4 Qa5 19. a3 Qb5 20.
b4 Qc4 21. Qd3 Qxd3 22. Rxd3 c4 23. Rd2 {Game drawn by mutual agreement}
1/2-1/2

[Event "ICC tourney 3006 (40 10)"]
[Site "Internet Chess Club"]
[Date "2022.09.10"]
[Round "2"]
[White "FILIPOVICH, DAVID MICHAEL:dmfcan"]
[Black "Li, Alex:AlexLi31415"]
[Result "0-1"]
[ICCResult "White resigns"]
[WhiteElo "2050"]
[BlackElo "1751"]
[Opening "Neo-Grünfeld, 6.O-O, main line"]
[ECO "D79"]
[NIC "GI.02"]
[Time "13:15:13"]
[PlyCount "38"]
[TimeControl "2400+10"]

1. Nf3 d5 2. g3 g6 3. Bg2 Bg7 4. d4 Nf6 5. O-O O-O 6. c4 c6 7. cxd5 cxd5 8.
Nc3 Nc6 9. Ne5 e6 10. Nxc6 bxc6 11. Bf4 Nh5 12. Be3 Rb8 13. Na4 a5 14. Rc1
Bd7 15. Qd2 Re8 16. Rc2 e5 17. Rfc1 exd4 18. Bxd4 Bxd4 19. Qxd4 Rb4
{White resigns}
0-1

[Event "ICC tourney 3006 (40 10)"]
[Site "Internet Chess Club"]
[Date "2022.09.10"]
[Round "2"]
[White "MAMMADOV, ZAUR:zaur94"]
[Black "SHEEHAN, ETHAN THOMAS:Chessking2008"]
[Result "1-0"]
[ICCResult "Black checkmated"]
[WhiteElo "2531"]
[BlackElo "2231"]
[Opening "Caro-Kann: anti-anti-Caro-Kann defense"]
[ECO "B10"]
[NIC "CK.01"]
[Time "13:17:49"]
[PlyCount "77"]
[TimeControl "2400+10"]

1. e4 c6 2. c4 d5 3. cxd5 cxd5 4. exd5 Nf6 5. Nc3 Nxd5 6. Nf3 g6 7. Qb3 Nb6
8. a4 Be6 9. Qb5+ Bd7 10. Qe5 f6 11. Qe3 Bc6 12. Bb5 a6 13. Bxc6+ Nxc6 14.
O-O Kf7 15. d4 e6 16. Re1 Qd7 17. Qf4 Kg7 18. Ne4 Nd5 19. Qh4 h6 20. Qg3
Ncb4 21. Re2 Rc8 22. Bd2 Be7 23. Nh4 g5 24. f4 Qc7 25. Rf1 Kh7 26. Nf3 Rhg8
27. Nc3 g4 28. Nh4 Qb6 29. Nxd5 Nxd5 30. Qd3+ Kh8 31. Rfe1 Rc6 32. f5 e5 33.
Kh1 Nb4 34. Qe3 Bf8 35. Bxb4 exd4 36. Qe8 Qxb4 37. Qf7 Bg7 38. Re8 Rc8 39.
Qxg8# {Black checkmated} 1-0

[Event "ICC tourney 3006 (40 10)"]
[Site "Internet Chess Club"]
[Date "2022.09.10"]
[Round "2"]
[White "Jin, Xiaodong:SuperWJ"]
[Black "YUAN, SERENA:doudou2011"]
[Result "0-1"]
[ICCResult "White resigns"]
[WhiteElo "1651"]
[BlackElo "1634"]
[Opening "Queen's gambit declined"]
[ECO "D30"]
[NIC "QP.08"]
[Time "13:15:09"]
[PlyCount "90"]
[TimeControl "2400+10"]

1. d4 d5 2. c4 e6 3. cxd5 exd5 4. Bf4 Nf6 5. e3 Bd6 6. Bg3 Ne4 7. Bd3 Bb4+
8. Ke2 O-O 9. Qb3 Be7 10. Nc3 Nxc3+ 11. bxc3 b6 12. Nf3 c5 13. dxc5 Bxc5 14.
a4 Ba6 15. Rhd1 Bb7 16. a5 Qc8 17. Qa4 bxa5 18. Bxh7+ Kxh7 19. Qh4+ Kg8 20.
Ng5 Qf5 21. Bxb8 Raxb8 22. Rxa5 Be7 23. f4 Bxg5 24. fxg5 Qc2+ 25. Rd2 Qxc3
26. Rxa7 Qc4+ 27. Qxc4 dxc4 28. Rd7 Bxg2 29. g6 Rb2+ 30. Kd1 Rf2 31. Rac7
Bf1 32. Ke1 Rf6 33. Rxf7 R8xf7 34. Rxf7 Bd3 35. Rxf6 gxf6 36. Kd2 Bxg6 37.
Kc3 Bd3 38. e4 Kf7 39. Kd4 Ke6 40. h4 Kf7 41. h5 Kg7 42. e5 fxe5+ 43. Kxe5
c3 44. Kd4 c2 45. Kxd3 c1=Q {White resigns} 0-1

[Event "ICC tourney 3006 (40 10)"]
[Site "Internet Chess Club"]
[Date "2022.09.10"]
[Round "2"]
[White "TAO, SIHAN:K06-16931716"]
[Black "Feng, Jay:TheDeadlyPawn"]
[Result "1-0"]
[ICCResult "Black forfeits on time"]
[WhiteElo "1882"]
[BlackElo "1612"]
[Opening "Caro-Kann: classical, 6.h4"]
[ECO "B19"]
[NIC "CK.11"]
[Time "13:15:30"]
[PlyCount "77"]
[TimeControl "2400+10"]

1. e4 c6 2. d4 d5 3. Nc3 dxe4 4. Nxe4 Bf5 5. Ng3 Bg6 6. h4 h6 7. Nf3 e6 8.
h5 Bh7 9. Bd3 Bxd3 10. Qxd3 Nf6 11. Bd2 c5 12. Ne4 Nxe4 13. Qxe4 Nc6 14. Bc3
Qb6 15. d5 Nd4 16. Nxd4 cxd4 17. Bxd4 Qa5+ 18. Bc3 Qxd5 19. Qxd5 exd5 20.
O-O-O O-O-O 21. Rh3 f6 22. Rhd3 Bc5 23. Bd4 Bxd4 24. Rxd4 Rhe8 25. Rxd5 Rxd5
26. Rxd5 Re2 27. Rf5 Kd7 28. Kd1 Re7 29. Rf3 Re4 30. Rd3+ Kc7 31. Kd2 Rh4
32. Rg3 Rxh5 33. Rxg7+ Kc6 34. Rg6 Rf5 35. Ke3 h5 36. f4 Kd7 37. Rg7+ Kc6
38. Rf7 b5 39. Ke4 {Black forfeits on time} 1-0

[Event "ICC tourney 3006 (40 10)"]
[Site "Internet Chess Club"]
[Date "2022.09.10"]
[Round "2"]
[White "CHINNI, RISHABH:alphachesplayer"]
[Black "IVANOV, ALEXANDER:marble"]
[Result "0-1"]
[ICCResult "White resigns"]
[WhiteElo "1720"]
[BlackElo "2346"]
[Opening "Robatsch defense"]
[ECO "B06"]
[NIC "KF.05"]
[Time "13:15:12"]
[PlyCount "106"]
[TimeControl "2400+10"]

1. e4 g6 2. d4 Bg7 3. Nc3 c6 4. Be3 Qb6 5. b3 d6 6. Qd2 Qa5 7. f4 Nf6 8. h3
e5 9. Nf3 Nbd7 10. Be2 O-O 11. O-O Re8 12. Bd3 b5 13. a3 Bb7 14. b4 Qc7 15.
Rae1 a6 16. g4 exd4 17. Bxd4 c5 18. bxc5 Nxc5 19. e5 Nfd7 20. Bxb5 axb5 21.
Nxb5 Qc6 22. Nxd6 Red8 23. Nxb7 Nxb7 24. Ng5 Ndc5 25. Qe3 Ne6 26. Nxe6 fxe6
27. f5 exf5 28. gxf5 gxf5 29. Rxf5 Qe6 30. Ref1 Na5 31. c3 Nc4 32. Qg5 Qg6
33. Qxg6 hxg6 34. Rg5 Ra6 35. h4 Nd2 36. h5 Nxf1 37. Kxf1 Re8 38. hxg6 Ree6
39. Rf5 Rxg6 40. Bc5 Ra8 41. Kf2 Bf8 42. Bxf8 Rxf8 43. Rxf8+ Kxf8 44. Ke3
Rg4 45. Kd3 Ke7 46. c4 Rg3+ 47. Kd4 Rxa3 48. c5 Kd7 49. Kd5 Rd3+ 50. Kc4 Rd1
51. Kb5 Rb1+ 52. Kc4 Kc6 53. e6 Re1 {White resigns} 0-1

[Event "ICC tourney 3006 (40 10)"]
[Site "Internet Chess Club"]
[Date "2022.09.10"]
[Round "3"]
[White "Belous, Vladimir:Openyagami"]
[Black "MARKOVIC, GORAN:Goran21"]
[Result "1-0"]
[ICCResult "Black resigns"]
[WhiteElo "2569"]
[BlackElo "1934"]
[Opening "English opening"]
[ECO "E90"]
[NIC "KI.20"]
[Time "15:30:10"]
[PlyCount "59"]
[TimeControl "2400+10"]

1. c4 Nf6 2. Nf3 g6 3. Nc3 Bg7 4. e4 O-O 5. d4 d6 6. h3 e5 7. d5 Na6 8. Bg5
h6 9. Be3 Nh5 10. Nh2 Qe8 11. g3 f5 12. exf5 gxf5 13. Be2 Nf6 14. Nf3 f4 15.
gxf4 exf4 16. Bd4 Nc5 17. Qd2 Bf5 18. O-O-O Nfe4 19. Rdg1 Bg6 20. Nxe4 Qxe4
21. Rxg6 Rf7 22. Rhg1 Re8 23. Rxg7+ Rxg7 24. Rxg7+ Kf8 25. Nh4 Qh1+ 26. Qd1
Nd3+ 27. Bxd3 Re1 28. Ng6+ Ke8 29. Re7+ Rxe7 30. Qxh1 {Black resigns} 1-0

[Event "ICC tourney 3006 (40 10)"]
[Site "Internet Chess Club"]
[Date "2022.09.10"]
[Round "3"]
[White "YUAN, SERENA:doudou2011"]
[Black "REDDY, SATVIK:chesslead"]
[Result "0-1"]
[ICCResult "White resigns"]
[WhiteElo "1634"]
[BlackElo "2264"]
[Opening "Queen's pawn game, Darooha variation "]
[ECO "D11"]
[NIC "QP.08"]
[Time "15:30:39"]
[PlyCount "70"]
[TimeControl "2400+10"]

1. d4 d5 2. Nf3 Nf6 3. c4 c6 4. Qc2 e6 5. g3 Nbd7 6. Bg2 Bd6 7. O-O O-O 8.
Nbd2 Re8 9. e4 dxe4 10. Nxe4 Nxe4 11. Qxe4 e5 12. Re1 Nf6 13. Bg5 Nxe4 14.
Bxd8 Rxd8 15. Rxe4 Bf5 16. Ree1 exd4 17. Nxd4 Bd3 18. b3 Bb4 19. Re3 Rxd4
20. Rd1 Rad8 21. Bf1 Bxf1 22. Rxd4 Rxd4 23. Re8+ Bf8 24. Kxf1 Rd2 25. Rb8 b6
26. a4 Rb2 27. Ra8 Rxb3 28. Rxa7 Rb4 29. Rb7 Rxa4 30. Rxb6 Rxc4 31. Ke2 Rc2+
32. Ke1 Rxf2 33. Rxc6 Rxh2 34. Kf1 h5 35. Kg1 Rd2 {White resigns} 0-1

[Event "ICC tourney 3006 (40 10)"]
[Site "Internet Chess Club"]
[Date "2022.09.10"]
[Round "3"]
[White "LIANG, YU-CHENG:Yucheng"]
[Black "Jin, Xiaodong:SuperWJ"]
[Result "1-0"]
[ICCResult "Black resigns"]
[WhiteElo "2043"]
[BlackElo "1651"]
[Opening "Grünfeld: modern exchange variation"]
[ECO "D85"]
[NIC "GI.04"]
[Time "15:31:08"]
[PlyCount "51"]
[TimeControl "2400+10"]

1. d4 Nf6 2. c4 g6 3. Nc3 d5 4. cxd5 Nxd5 5. e4 Nxc3 6. bxc3 Bg7 7. Nf3 c5
8. Bb5+ Bd7 9. Be2 O-O 10. O-O cxd4 11. cxd4 Nc6 12. Rb1 b6 13. d5 Na5 14.
Be3 Rc8 15. Rc1 Rxc1 16. Qxc1 Qc8 17. Qa3 Bg4 18. Qxe7 Qb7 19. Qxb7 Nxb7 20.
Rc1 Nd6 21. h3 Bxf3 22. gxf3 Rc8 23. Rxc8+ Nxc8 24. Bf4 Bf8 25. e5 Bc5 26.
d6 {Black resigns} 1-0

[Event "ICC tourney 3006 (40 10)"]
[Site "Internet Chess Club"]
[Date "2022.09.10"]
[Round "3"]
[White "SHEEHAN, ETHAN THOMAS:Chessking2008"]
[Black "Feng, Jay:TheDeadlyPawn"]
[Result "1-0"]
[ICCResult "Black resigns"]
[WhiteElo "2231"]
[BlackElo "1612"]
[Opening "Nimzo-Indian: classical variation"]
[ECO "E32"]
[NIC "NI.20"]
[Time "15:31:08"]
[PlyCount "41"]
[TimeControl "2400+10"]

1. d4 Nf6 2. c4 e6 3. Nc3 Bb4 4. Qc2 O-O 5. a3 Bxc3+ 6. Qxc3 b6 7. Bg5 Bb7
8. e3 d5 9. cxd5 exd5 10. Nf3 Nbd7 11. Bd3 Re8 12. O-O Rc8 13. Bf5 c5 14.
Bxf6 gxf6 15. dxc5 Rxc5 16. Qd2 Ne5 17. Nd4 Nc4 18. Qe2 Kh8 19. Qh5 h6 20.
Qxh6+ Kg8 21. Bh7+ {Black resigns} 1-0

[Event "ICC tourney 3006 (40 10)"]
[Site "Internet Chess Club"]
[Date "2022.09.10"]
[Round "3"]
[White "IVANOV, ALEXANDER:marble"]
[Black "MAMMADOV, ZAUR:zaur94"]
[Result "1/2-1/2"]
[ICCResult "Game drawn by repetition"]
[WhiteElo "2346"]
[BlackElo "2531"]
[Opening "Caro-Kann: Tartakower (Nimzovich) variation"]
[ECO "B15"]
[NIC "CK.06"]
[Time "15:30:06"]
[PlyCount "95"]
[TimeControl "2400+10"]

1. e4 c6 2. d4 d5 3. Nc3 dxe4 4. Nxe4 Nf6 5. Nxf6+ exf6 6. Bf4 Bd6 7. Qd2
O-O 8. Bd3 Na6 9. Bxd6 Qxd6 10. Bxa6 bxa6 11. Ne2 Bf5 12. O-O Rad8 13. c3
Rfe8 14. Rfe1 h5 15. Ng3 Bg6 16. Rxe8+ Rxe8 17. Re1 Rxe1+ 18. Qxe1 h4 19.
Nf1 a5 20. h3 a4 21. a3 Qd5 22. Ne3 Qb3 23. Qd2 Qa2 24. c4 Qb1+ 25. Kh2 Qd3
26. Qxd3 Bxd3 27. g3 hxg3+ 28. fxg3 Kf8 29. g4 Ke7 30. Kg3 Ke6 31. h4 f5 32.
g5 g6 33. Kf4 Be2 34. c5 Bd3 35. Kf3 Be4+ 36. Kf4 Bd3 37. Kf3 Be4+ 38. Kg3
Bd3 39. Kf4 Be2 40. d5+ cxd5 41. Nc2 Bd3 42. Nd4+ Kd7 43. Ke5 Be4 44. Kf4
Bd3 45. Ke5 Be4 46. Kf4 Bd3 47. Ke5 Be4 48. Kf4 {Game drawn by repetition}
1/2-1/2

[Event "ICC tourney 3006 (40 10)"]
[Site "Internet Chess Club"]
[Date "2022.09.10"]
[Round "3"]
[White "HEBDEN, MARK L:mhebden"]
[Black "TAO, SIHAN:K06-16931716"]
[Result "1-0"]
[ICCResult "Black resigns"]
[WhiteElo "2526"]
[BlackElo "1882"]
[Opening "QGD: Ragozin variation"]
[ECO "D38"]
[NIC "NI.27"]
[Time "15:30:19"]
[PlyCount "127"]
[TimeControl "2400+10"]

1. d4 Nf6 2. Nf3 d5 3. c4 e6 4. Nc3 Bb4 5. Qa4+ Nc6 6. e3 O-O 7. Qc2 a6 8.
h3 Re8 9. Bd2 h6 10. Rd1 dxc4 11. Bxc4 b5 12. Bd3 Bb7 13. O-O Qe7 14. a3 Bd6
15. Ne4 e5 16. Nxf6+ Qxf6 17. d5 Ne7 18. e4 Ng6 19. Kh1 Nf4 20. Ng1 Nxd3 21.
Qxd3 Qe7 22. Ne2 f5 23. exf5 e4 24. Qb3 Qe5 25. Bf4 Qxf5 26. Bxd6 cxd6 27.
Nc3 Re5 28. Qb4 Rd8 29. Qd4 Rf8 30. f4 exf3 31. Rxf3 Qc8 32. Rxf8+ Qxf8 33.
Kg1 Qe7 34. Qf2 Qf7 35. Qxf7+ Kxf7 36. Kf2 Kf6 37. Kf3 g5 38. g4 Ke7 39. b4
Kf6 40. Kf2 Ke7 41. Rd3 Kf6 42. Rf3+ Ke7 43. Re3 Kf6 44. Rd3 Ke7 45. Kg3 Kf6
46. h4 Re1 47. Kf2 Re5 48. h5 Ke7 49. Re3 Kf6 50. Ne4+ Ke7 51. Ng3 Bc8 52.
Rxe5+ dxe5 53. Nf5+ Bxf5 54. gxf5 Kf6 55. d6 Kf7 56. Ke3 g4 57. Ke4 Kf6 58.
Kd5 g3 59. d7 Ke7 60. Kc6 g2 61. f6+ Kf7 62. d8=Q g1=Q 63. Qe7+ Kg8 64. f7+
{Black resigns}
1-0

[Event "ICC tourney 3006 (40 10)"]
[Site "Internet Chess Club"]
[Date "2022.09.10"]
[Round "3"]
[White "SRIPADA, Havish:brilliantnessme"]
[Black "CHINNI, RISHABH:alphachesplayer"]
[Result "1-0"]
[ICCResult "Black resigns"]
[WhiteElo "1951"]
[BlackElo "1720"]
[Opening "Ruy Lopez: closed, 7...O-O"]
[ECO "C88"]
[NIC "RL.17"]
[Time "15:30:26"]
[PlyCount "75"]
[TimeControl "2400+10"]

1. e4 e5 2. Nf3 Nc6 3. Bb5 a6 4. Ba4 Nf6 5. O-O Be7 6. Re1 b5 7. Bb3 O-O 8.
h3 Bb7 9. d3 d6 10. a3 Na5 11. Ba2 c5 12. Nbd2 Qc7 13. Nf1 Rfe8 14. Ne3 Bf8
15. g4 g6 16. b4 cxb4 17. axb4 Nc6 18. g5 Nh5 19. Nd5 Qd8 20. Be3 Bg7 21.
Nh2 Nd4 22. Bxd4 exd4 23. h4 Rc8 24. Qd2 Be5 25. Ng4 Bxd5 26. Bxd5 Bf4 27.
Qe2 Qd7 28. Rxa6 Rxc2 29. Nh6+ Kg7 30. Qf3 f6 31. Rea1 Rc1+ 32. Rxc1 Bxc1
33. Bc6 Qe7 34. Bxe8 Qxe8 35. Ra7+ Kh8 36. e5 d5 37. Qxd5 fxe5 38. Ra8
{Black resigns}
1-0

[Event "ICC tourney 3006 (40 10)"]
[Site "Internet Chess Club"]
[Date "2022.09.10"]
[Round "3"]
[White "BERKLEY, DARRIN K:drberkley"]
[Black "Li, Alex:AlexLi31415"]
[Result "1-0"]
[ICCResult "Black forfeits on time"]
[WhiteElo "1738"]
[BlackElo "1751"]
[Opening "Vienna gambit: Paulsen attack"]
[ECO "C29"]
[NIC "VG.03"]
[Time "15:30:16"]
[PlyCount "89"]
[TimeControl "2400+10"]

1. e4 e5 2. Nc3 Nf6 3. f4 d5 4. fxe5 Nxe4 5. Qf3 Nxc3 6. dxc3 Be7 7. Bf4 c6
8. O-O-O Qa5 9. Kb1 Be6 10. Qg3 g6 11. Nf3 Nd7 12. Nd4 O-O-O 13. Nxe6 fxe6
14. Qh3 g5 15. Bg3 Nf8 16. Be2 Qc7 17. Bg4 Qd7 18. Rhf1 h5 19. Bxh5 Ng6 20.
Qg4 Nf4 21. Bxf4 gxf4 22. Rxf4 Rdg8 23. Qf3 Rg5 24. g4 Rxe5 25. Rf7 Qd8 26.
Qf4 Bd6 27. Qd4 Kb8 28. a3 Re4 29. Qg7 Qc8 30. Rxb7+ Qxb7 31. Qxh8+ Qc8 32.
Qxc8+ Kxc8 33. Rd2 Re1+ 34. Ka2 Rh1 35. Re2 Rxh2 36. Rxe6 Kd7 37. Bf7 Rh7
38. Bg6 Rh6 39. Rf6 Rh4 40. Bf5+ Kc7 41. Rf7+ Kb6 42. Bc8 Rh2 43. b4 Bc7 44.
Kb3 Re2 45. a4 {Black forfeits on time} 1-0

[Event "ICC tourney 3006 (40 10)"]
[Site "Internet Chess Club"]
[Date "2022.09.10"]
[Round "4"]
[White "REDDY, SATVIK:chesslead"]
[Black "HEBDEN, MARK L:mhebden"]
[Result "1-0"]
[ICCResult "Black resigns"]
[WhiteElo "2264"]
[BlackElo "2526"]
[Opening "Two knights defense (Modern bishop's opening)"]
[ECO "C55"]
[NIC "IG.01"]
[Time "17:46:44"]
[PlyCount "43"]
[TimeControl "2400+10"]

1. e4 e5 2. Nf3 Nc6 3. Bc4 Nf6 4. d3 Be7 5. O-O O-O 6. c3 d6 7. Nbd2 Na5 8.
Bb5 a6 9. Ba4 b5 10. Bc2 c5 11. Re1 Re8 12. Nf1 h6 13. Ng3 Bf8 14. h3 Bb7
15. d4 cxd4 16. cxd4 exd4 17. Nxd4 Rc8 18. Ndf5 d5 19. e5 Qc7 20. exf6 Qxc2
21. fxg7 Qxd1 22. gxf8=Q+ {Black resigns} 1-0